 Dungeon Crawl Stone Soup version 0.16-a0-321-g9a421ca (webtiles) character file.

495 PolkaDot the Caller (level 6, 0/41 HPs)
             Began as a Vampire Summoner on Sept 2, 2014.
             Slain by an orc
             ... wielding a +0 short sword
              (2 damage)
             ... on Level 4 of the Dungeon.
             The game lasted 00:18:12 (3133 turns).

PolkaDot the Caller (Vampire Summoner)              Turns: 3133, Time: 00:18:19

HP   0/41        AC  4     Str  7      XL: 6   Next: 92%
MP  10/10        EV 10     Int 19      God:
Gold 158         SH  0     Dex 14      Spells:  3 memorised,  1 level left

rFire  . . .     SeeInvis +     m - +3 quarterstaff (chaos)
rCold  . . .     Clarity  .     s - +0 leather armour
rNeg   . . .     rCorr    .     (no shield)
rPois  .         rRot     .     (no helmet)
rElec  .         Spirit   .     n - +0 cloak
SustAb +         Warding  .     (no gloves)
rMut   +         Stasis   .     (no boots)
Gourm  .                        c - amulet of resist mutation
MR     .....                    (no ring)
                                g - ring of sustain abilities

@: regenerating very quickly, not resistant to hostile enchantments, unstealthy
A: bottle blood, fangs 3, see invisible, unbreathing
a: Bottle Blood


You were on level 4 of the Dungeon.
You were almost alive.

You visited 1 branch of the dungeon, and saw 4 of its levels.
You also visited: Sewer.

You collected 158 gold pieces.

Inventory:

Hand weapons
 m - a +3 quarterstaff of chaos (weapon)
Armour
 n - a +0 cloak (worn)
 s - a +0 leather armour (worn)
Scrolls
 e - a scroll of immolation {unknown}
 h - a scroll of blinking {unknown}
 j - a scroll of enchant weapon {unknown}
 k - a scroll of noise {unknown}
Jewellery
 c - an amulet of resist mutation (around neck)
 g - a ring of sustain abilities (left hand)
Potions
 a - a potion of heal wounds {unknown}
 d - a potion of berserk rage
 f - 2 potions of haste
 i - 2 potions of magic
 l - a potion of brilliance {unknown}
 o - a potion of flight
 p - a potion of curing
 q - 6 potions of blood {@w2}
 r - a potion of might
Books
 b - a book of Callings

   Spells                             Type                      Level
   *Summon Small Mammal               Summoning                    1
   Call Imp                           Summoning                    2
   *Call Canine Familiar              Summoning                    3
   *Summon Guardian Golem             Hexes/Summoning              4
   Summon Lightning Spire             Summoning/Air                4
   Summon Ice Beast                   Ice/Summoning                4


   Skills:
   Level 1.8 Short Blades
 * Level 3.0 Staves
 - Level 2.1 Dodging
 - Level 3.0 Stealth
 - Level 2.0 Spellcasting
 + Level 2.8 Hexes
 * Level 6.7 Summonings


You had one spell level left.
You knew the following spells:

 Your Spells              Type           Power        Failure   Level  Hunger
a - Summon Small Mammal   Summ           ####         1%          1    #......
d - Call Canine Familiar  Summ           ####....     3%          3    ####...
g - Summon Guardian Gole  Hex/Summ       ###.....     28%         4    #####..


Dungeon Overview and Level Annotations

Branches:
Dungeon (4/15)
 Temple: D:4-7

Altars:
Ashenzari
Elyvilon
Nemelex Xobeh
Trog


Innate Abilities, Weirdness & Mutations

Your natural rate of healing is extremely fast.
You can bottle blood from corpses.
You have razor-sharp teeth.
You have supernaturally acute eyesight.
You can survive without breathing.


Message History

You drain the orc priest!
The orc priest is moderately wounded.
The orc closely misses you.
The orc priest invokes the aid of Beogh against you.
Pain shoots through your body!
* * * LOW HITPOINT WARNING * * *
You hit the orc priest but do no damage.
Space bends around the orc priest.
You bite the orc priest, but do no damage.
The orc priest is severely wounded.
The orc hits you with a short sword.
* * * LOW HITPOINT WARNING * * *
The orc priest barely misses you. The orc hits you but does no damage.
You closely miss the orc priest. Your bite misses the orc priest.
The orc priest is severely wounded.
The orc priest mumbles some strange prayers to Beogh against you.
Something smites you!
* * * LOW HITPOINT WARNING * * *
The orc hits you with a short sword.
You die...

. ##.## #. #. #...#
#. #. #.⌠.# #. #.
#...# ## #. ##.##
## #o #.# #.
#o##### ##.## #####
#o#...###...###...#
#o@.⌠....._.....⌠..
###...###...###...#
##### ##.## #####
#.# #.... ##.##
#.### #...# #.# #
#.⌠.# #.# #...# #.#
##.####.#


You could see an orc priest and 3 orcs.

Vanquished Creatures
  An orc priest (D:4)
  4 orc wizards
  3 worker ants (D:4)
  Jessica (D:3)
  6 adders
  2 green rats (D:3)
  A giant mite (D:3)
  4 worms
  An ooze (D:3)
  8 orcs
  5 giant cockroaches
  8 goblins
  3 hobgoblins (D:4)
  5 jackals
  5 ball pythons
  11 bats
  2 giant geckos
  18 giant newts
  A gnoll skeleton (D:4)
  3 kobolds
  12 rats
104 creatures vanquished.

Vanquished Creatures (collateral kills)
  An ogre (D:4)
  Crazy Yiuf (D:2)
  A worm (D:3)
  2 giant geckos
  2 orcs (D:4)
  A ball python (D:3)
  A bat (D:1)
  16 giant newts (Sewer)
  A goblin (D:1)
  A kobold (D:3)
  A rat (D:2)
28 creatures vanquished.

Vanquished Creatures (others)
  A hound (D:4)
  4 quokkas
  2 bats
7 creatures vanquished.

Grand Total: 139 creatures vanquished

Notes
Turn   | Place    | Note
--------------------------------------------------------------
     0 | D:1      | PolkaDot, the Vampire Summoner, began the quest for the Orb.
     0 | D:1      | Reached XP level 1. HP: 13/13 MP: 3/3
   117 | D:1      | Found a shattered altar of Ashenzari.
   484 | D:1      | Reached XP level 2. HP: 19/19 MP: 4/4
  1091 | D:2      | Reached skill level 1 in Short Blades
  1104 | D:2      | Reached XP level 3. HP: 16/24 MP: 3/6
  1606 | D:2      | Noticed Crazy Yiuf
  1621 | D:2      | Killed Crazy Yiuf
  1621 | D:2      | Reached skill level 5 in Summonings
  1779 | D:3      | Reached XP level 4. HP: 21/30 MP: 4/7
  1785 | D:3      | Found a glowing drain.
  1825 | D:3      | Reached skill level 1 in Staves
  1830 | D:3      | Found a bloodstained altar of Trog.
  1913 | Sewer    | Entered a sewer
  1918 | Sewer    | Learned a level 3 spell: Call Canine Familiar
  1924 | Sewer    | Reached XP level 5. HP: 33/35 MP: 9/9
  2080 | Sewer    | Learned a level 4 spell: Summon Guardian Golem
  2138 | D:3      | Noticed Jessica
  2145 | D:3      | Killed Jessica
  2207 | D:3      | Found a sparkling altar of Nemelex Xobeh.
  2225 | D:3      | Reached skill level 6 in Summonings
  2595 | D:4      | Noticed an ogre
  2603 | D:4      | Killed an ogre
  2603 | D:4      | Reached skill level 1 in Hexes
  2603 | D:4      | Reached XP level 6. HP: 41/41 MP: 3/10
  3040 | D:4      | Found a white marble altar of Elyvilon.
  3133 | D:4      | HP: 2/41 [orc priest/divine providence (12)]
  3133 | D:4      | Slain by an orc

Action                   |  1- 3 |  4- 6 || total
-------------------------+-------+-------++-------
Melee: Dagger            |    23 |       ||    23
       Club              |     6 |       ||     6
       Short sword       |    91 |       ||    91
       Unarmed           |     2 |       ||     2
       Quarterstaff      |     5 |   185 ||   190
 Cast: Summon Small Mamm |    18 |     9 ||    27
       Call Canine Famil |       |     4 ||     4
 Abil: Bottle Blood      |       |     9 ||     9
  Use: Potion            |     3 |     8 ||    11
       Scroll            |     3 |     5 ||     8
 Stab: Sleeping          |     6 |     1 ||     7
       Distracted        |     1 |     1 ||     2
       Paralysed         |       |     1 ||     1
  Eat: Corpse            |    13 |    15 ||    28
